 Dungeon Crawl Stone Soup version 0.26-b1-32-g5d43845318 (webtiles) character file.

Game seed: 5846535609587123920

1194 Canard the Grappler (level 8, -4/83 (88) HPs)
             Began as a Troll Fighter on Jan 10, 2021.
             Was a Priest of Ru.
             Slain by a boulder beetle (26 damage)
             ... on level 8 of the Dungeon.
             The game lasted 00:16:22 (7493 turns).

Canard the Grappler (Troll Fighter)                 Turns: 7493, Time: 00:16:22

HP:   -4/83 (88)    AC:  8    Str: 29    XL:     8   Next: 20%
MP:   7/7           EV:  9    Int:  4    God:    Ru [***...]
Gold: 625           SH:  9    Dex: 15    Spells: 7/7 levels left

rFire    . . .     SeeInvis .     - Unarmed
rCold    . . .     Faith    .   b - +0 kite shield
rNeg     + . .     Spirit   .   a - +1 robe
rPois    .         Reflect  .   (helmet restricted)
rElec    .         Harm     .   i - +0 cloak
rCorr    .         Rampage  .   (gloves unavailable)
Will     .....                  (boots unavailable)
Stlth    ..........             (no amulet)
HPRegen  0.63/turn              p - ring of positive energy
MPRegen  0.10/turn              q - +6 ring of dexterity

@: exhausted, drained
A: large, unfitting armour, claws 3, regeneration 1, shaggy fur 1, tough skin 3,
no stealth, no conjurations magic, no fire magic, no hexes magic, inexperienced
1
a: Renounce Religion, Draw Out Power


You were on level 8 of the Dungeon.
You worshipped Ru.
Ru was most pleased with you.
You visited 1 branch of the dungeon, and saw 8 of its levels.
You also visited: Ossuary.

You collected 625 gold pieces.

Inventory:

Missiles
 t - 6 boomerangs (quivered)
 Z - a throwing net {!f}
Armour
 a - a +1 robe (worn)
 b - a +0 kite shield (worn)
 i - a +0 cloak (worn)
   (You found it on level 4 of the Dungeon)
Jewellery
 p - a ring of positive energy (left claw)
   (You found it on level 2 of the Dungeon)
 q - a +6 ring of dexterity (right claw)
   (You took it off a kobold on level 3 of the Dungeon)
Wands
 y - a wand of disintegration (17)
   (You found it on level 7 of the Dungeon)
Scrolls
 d - 4 scrolls of immolation
 g - 4 scrolls of amnesia
 k - 2 scrolls of enchant armour
 m - 3 scrolls of fog
 w - 2 scrolls of teleportation {@r3}
 x - a scroll of fear
 M - a scroll of magic mapping
 R - a scroll of identify {@r1}
 W - 5 scrolls of remove curse {@r2}
Potions
 c - a potion of attraction
 e - 2 potions of cancellation
 f - 2 potions of invisibility
 h - a potion of resistance {@q6}
 j - 2 potions of magic
 l - a potion of berserk rage {!q}
 n - 2 potions of heal wounds {@q2}
 o - 4 potions of lignification
 r - 2 potions of brilliance
 s - a potion of degeneration {unknown}
 u - a potion of might {@q4}
 v - a potion of mutation
 H - 3 potions of haste {@q3}
 Q - 3 potions of curing {@q1}


   Skills:
 - Level 8.0 Fighting
 - Level 3.0 Armour
 - Level 3.0 Dodging
 - Level 2.4 Shields
 + Level 10.5 Unarmed Combat


You had 7 spell levels left.
You didn't know any spells.
Your spell library contained the following spells:

 Spells                   Type           Power        Failure   Level
 Animate Skeleton         Necr           0%           93%         1
 Pain                     Necr           0%           93%         1
 Vampiric Draining        Necr           0%           100%        3
 Animate Dead             Necr           0%           100%        4
 Agony                    Necr           0%           100%        5


Dungeon Overview and Level Annotations

Branches:
Dungeon (8/15)             Temple (0/1) D:5         Ossuary (visited)
   Lair: D:8-11

Altars:
Cheibriados
Dithmenos
Fedhas
Qazlal
Ru
Sif Muna
Trog
Uskayaw
Wu Jian
The Shining One

Shops:
D:5 *

Portals:
Abyss: D:6

Annotations:
D:6 2 transporters, no0bjke's ghost, novice GrFi


Innate Abilities, Weirdness & Mutations

You are too large for most types of armour.
You have claws for hands.
Your natural rate of healing is unusually fast.
You are covered in fur. (AC +1)
You have extremely tough skin. (AC +3)
You cannot be stealthy.
You cannot study or cast Conjurations magic.
You cannot study or cast Fire magic.
You cannot study or cast Hexes magic.
You are somewhat inexperienced. (-2 XL)


Message History

The boulder beetle curls into a ball and begins rolling!
You feel much better.
You're too exhausted to draw out your power.
You block the boulder beetle's attack.
The boulder beetle stops rolling and uncurls.
You scratch the boulder beetle but do no damage.
The boulder beetle is heavily wounded.
The boulder beetle is stunned by your conviction and fails to attack.
You scratch the boulder beetle but do no damage.
The boulder beetle is heavily wounded.
You mangle the boulder beetle!!
The boulder beetle is almost dead.
The boulder beetle bites you!!
* * * LOW HITPOINT WARNING * * *
You focus your inner power and blind the boulder beetle in retribution!
Unknown command.
You scratch the boulder beetle but do no damage.
The boulder beetle is almost dead.
The boulder beetle bites you!!
You die...

............#
.......###..#
.......#_#..#
....#..#'#..#
....#......##
....##.....#
######..##########
#####...........#
#.......#######@#
#.......##### #B#
#......>....# #.#
#...†.#####.# #.#
#........##)# #.#
#........##.###.####
#....._..##.#..)...#
##........##.#.#.##.#
..........##.#.#.# #


You could see a boulder beetle (blind).

Vanquished Creatures
  Grinder (D:6)
  Prince Ribbit (D:7)
  Sigmund (D:4)
  A water moccasin (D:8)
  4 orc warriors (D:8 D:7)
  A sky beast (D:5)
  A black bear (D:7)
  A necrophage (D:7)
  4 ogres (D:8 D:7)
  A big kobold (D:8)
  4 bullfrogs (D:4 D:8 D:6 D:7)
  A wyvern skeleton (D:6)
  3 scorpions (D:4 D:8)
  8 wights (D:6 D:5 D:7)
  7 howler monkeys (D:4 D:8)
  2 centaur skeletons (D:4 D:8)
  3 hounds (D:4 D:8)
  8 orc priests (D:3 D:5 D:7 D:6 D:8)
  4 orc wizards (D:3 D:6 D:7)
  2 bullfrog skeletons (D:7 D:8)
  3 iguanas (D:4 D:8)
  4 worker ants (D:4 D:7 D:6)
  2 hound skeletons (D:4 D:7)
  9 mummies (D:8 Ossuary)
  4 gnolls (D:3)
  10 adders (D:2 D:4 D:5 D:8 D:7)
  A shadow imp (D:7)
  2 white imps (D:6 D:7)
  2 ufetubi (D:6)
  An adder skeleton (D:7)
  A worm (D:2)
  2 dart slugs (D:2 D:3)
  3 leopard geckos (D:4 D:6)
  33 orcs (D:3 D:5 D:7 D:8 D:6)
  8 giant cockroaches (D:1 D:2 D:3 D:5 D:7)
  6 goblins (D:1 D:2 D:3)
  8 hobgoblins (D:1 D:2 D:6)
  2 jackals (D:6)
  6 quokkas (D:4 D:6 D:7 D:8)
  2 ball pythons (D:3)
  10 bats (D:1 D:2 D:3)
  10 frilled lizards (D:1 D:2 D:3 D:4)
  A gnoll zombie (Ossuary)
  2 hobgoblin zombies (Ossuary)
  19 kobolds (D:1 D:2 D:3 D:8 D:6)
  3 kobold zombies (Ossuary)
  2 orc zombies (Ossuary)
  7 rats (D:1 D:2 D:3)
221 creatures vanquished.

Vanquished Creatures (others)
  An orc wizard (D:3)
1 creature vanquished.

Grand Total: 222 creatures vanquished

Notes
Turn   | Place    | Note
-------+----------+-------------------------------------------
     0 | D:1      | Canard the Troll Fighter began the quest for the Orb.
     0 | D:1      | Reached XP level 1. HP: 22/22 MP: 0/0
   258 | D:1      | Reached XP level 2. HP: 29/29 MP: 1/1
   658 | D:1      | Reached skill level 3 in Fighting
   812 | D:2      | Reached XP level 3. HP: 37/37 MP: 2/2
  1479 | D:3      | Reached XP level 4. HP: 46/46 MP: 3/3
  1499 | D:3      | Reached skill level 3 in Unarmed Combat
  1549 | D:3      | Found a faded altar of an unknown god.
  1743 | D:3      | Reached skill level 4 in Fighting
  1746 | D:3      | Reached XP level 5. HP: 26/54 MP: 4/4
  1817 | D:3      | Found a sacrificial altar of Ru.
  1878 | D:3      | Became a worshipper of Ru the Awakened
  2253 | D:3      | Reached XP level 6. HP: 56/65 MP: 5/5
  2268 | D:3      | Reached skill level 4 in Unarmed Combat
  2722 | D:4      | Reached skill level 5 in Fighting
  2838 | D:4      | Noticed Sigmund
  2846 | D:4      | Killed Sigmund
  2847 | D:4      | Reached XP level 7. HP: 72/74 MP: 6/6
  2890 | D:4      | Lost intelligence.
  3096 | D:4      | Reached skill level 6 in Fighting
  3096 | D:4      | Reached skill level 5 in Unarmed Combat
  3138 | D:4      | Gained mutation: You cannot study or cast Fire magic. [Ru
                  | sacrifice]
  3138 | D:4      | Gained mutation: You cannot study or cast Hexes magic. [Ru
                  | sacrifice]
  3138 | D:4      | Gained mutation: You cannot study or cast Conjurations
                  | magic. [Ru sacrifice]
  3138 | D:4      | Reached * piety under Ru
  3453 | D:4      | Found a shimmering blue altar of Sif Muna.
  3542 | D:5      | Entered Level 5 of the Dungeon
  3610 | D:5      | Reached skill level 6 in Unarmed Combat
  3660 | D:5      | Found Bienuj's Assorted Antiques.
  3689 | D:5      | Found a glowing golden altar of the Shining One.
  3860 | D:5      | Found a stormy altar of Qazlal.
  3862 | D:5      | Found a blossoming altar of Fedhas.
  4030 | D:5      | You fall into a shaft and drop 3 floors!
  4047 | D:8      | Reached skill level 7 in Unarmed Combat
  4047 | D:8      | Reached XP level 8. HP: 83/83 MP: 7/7
  4087 | D:8      | Reached skill level 8 in Unarmed Combat
  4119 | D:8      | Found a sand-covered staircase.
  4135 | Ossuary  | Entered an ossuary
  4424 | D:8      | Reached skill level 1 in Armour
  4600 | D:8      | Reached skill level 3 in Dodging
  4724 | D:7      | Reached skill level 2 in Armour
  4916 | D:6      | Found a bloodstained altar of Trog.
  4951 | D:6      | Noticed a rust devil
  4955 | D:6      | Found a transporter.
  4964 | D:6      | Noticed a raiju
  4976 | D:6      | Found a one-way gate to the infinite horrors of the Abyss.
  4976 | D:6      | Noticed no0bjke's ghost (novice GrFi)
  4998 | D:6      | Found a transporter.
  5006 | D:6      | Gained mutation: You cannot be stealthy. [Ru sacrifice]
  5006 | D:6      | Reached ** piety under Ru
  5126 | D:5      | Found a staircase to the Ecumenical Temple.
  5161 | D:5      | Found an ornate altar of the Wu Jian Council.
  5274 | D:6      | Reached XP level 9. HP: 91/92 MP: 8/8
  5309 | D:6      | Noticed Grinder
  5344 | D:6      | Killed Grinder
  5345 | D:6      | Reached skill level 9 in Unarmed Combat
  5605 | D:5      | Reached skill level 3 in Armour
  5836 | D:6      | Found a shadowy altar of Dithmenos.
  5978 | D:7      | Reached skill level 7 in Fighting
  6686 | D:7      | Noticed Prince Ribbit
  6692 | D:7      | Killed Prince Ribbit
  6693 | D:7      | Reached skill level 10 in Unarmed Combat
  6911 | D:7      | Identified the +1 leather armour "Qeerut" {-Cast +Blink
                  | Str+3}
  7101 | D:8      | Reached skill level 8 in Fighting
  7110 | D:8      | Gained mutation: You are somewhat inexperienced. (-2 XL)
                  | [Ru sacrifice]
  7110 | D:8      | Reached XP level 8. HP: 88/88 MP: 7/7
  7110 | D:8      | Reached XP level 7. HP: 80/80 MP: 6/6
  7110 | D:8      | Reached *** piety under Ru
  7131 | D:8      | Reached XP level 8. HP: 74/88 MP: 7/7
  7361 | D:8      | Found a hide-covered altar of Uskayaw.
  7370 | D:8      | Found a snail-covered altar of Cheibriados.
  7469 | D:8      | Noticed a boulder beetle
  7481 | D:8      | HP: 14/83 [boulder beetle (22)]
  7493 | D:8      | Slain by a boulder beetle

Illustrated notes

Levels and vault maps discovered:
D:1:      minmay_arrival_arboretum_small, layout_basic, minmay_door_square
D:2:      layout_loops_ring
D:3:      layout_basic, lemuel_round_altar, chequers_ecumenical_altar_lobes,
          grunt_ministairs_12
D:4:      layout_loops_ring, tgw_sif, uniq_sigmund
D:5:      layout_loops_ring, tso_metal_star,
          grunt_temple_overflow_forces_of_nature,
          pdpol_wu_jian_five_deadly_venoms, minmay_temple_entry_poolview,
          serial_shops, nicolae_shop_competitors_out_of_business,
          serial_park_tiny_pond, minmay_tree_intersection,
          kennysheep_decorative_pillar, guppyfry_early_lair_pool
D:6:      wander_river, layout_loops_ring, grunt_dithmenos_smoke_and_mirrors,
          gammafunk_ghost_abyssal_escape, trog_hazing_becter, uniq_grinder
D:7:      layout_layer_cave, uniq_prince_ribbit1
D:8:      layout_basic, kennysheep_mini_moat, gup_ossuary_entry_pyramid,
          basic_altar

Skill      XL: |  1  2  3  4  5  6  7  8  9 |
---------------+----------------------------+-----
Fighting       | 3 4 5 6 8 |  8.0
Unarmed Combat | 3 4 7 8 10 | 10.5
Armour         | 2 3 |  3.0
Dodging        | 3 |  3.0
Shields        | |  2.4

Action                   |  1- 3 |  4- 6 |  7- 9 || total
-------------------------+-------+-------+-------++-------
Melee: Unarmed           |   117 |   135 |   410 ||   662
Throw: Boomerang         |       |       |     2 ||     2
Invok: Sacrifice Arcana  |       |       |     1 ||     1
       Sacrifice Experie |       |       |     1 ||     1
       Draw Out Power    |       |       |     1 ||     1
       Sacrifice Stealth |       |       |     1 ||     1
  Use: Potion            |       |     3 |     1 ||     4
       Scroll            |       |       |    19 ||    19
Armor: Robe              |    48 |    51 |    90 ||   189
Dodge: Dodged            |    31 |    44 |   100 ||   175
Block: Kite shield       |    49 |    60 |   141 ||   250
